 Dungeon Sprint DCSS version 0.28-a0-925-gd5e1996cdb (webtiles) character file.

Game seed: 15642846757079348720

9475 emperorscorpion the Eclecticist (level 11, -5/75 HPs)
             Began as a Djinni Air Elementalist on Nov 26, 2021.
             Was a High Priest of Makhleb.
             Killed by divine providence
             ... invoked by a balrug
             ... summoned by the player character
              (10 damage)
             ... in the Dungeon (Sprint IX: "|||||||||||||||||||||||||||||").
             The game lasted 00:20:57 (2912 turns).

emperorscorpion the Eclecticist (DjAE)              Turns: 2912, Time: 00:20:58

Health: -5/75      AC: 15    Str:  7    XL:     11   Next: 75%
Gold:   690        EV: 10    Int: 21    God:    Makhleb [*****.] SH:  0 Dex: 16

rFire   + + .      SeeInvis .   j - +2 rapier (distort)
rCold   x . .      Faith    .   (no shield)
rNeg    . . .      Spirit   .   m - +1 scale mail
rPois   ∞          Reflect  .   v - +0 helmet
rElec   .          Harm     .   l - +0 cloak
rCorr   .          Rampage  .   k - +0 pair of gloves
Will    +....      NoTele   +   (boots unavailable)
Stlth   ++........              (no amulet)
HPRegen 0.22/turn               n - +2 ring of protection
MPRegen 0.00/turn               o - +3 ring of dexterity

@: flying
A: sickness immunity, fire resistance 2, cold vulnerability 1, float, innate
caster, hp casting, extra vitality 1
a: Renounce Religion, Minor Destruction, Lesser Servant of Makhleb, Major
Destruction, Greater Servant of Makhleb


You were in the Dungeon.
You worshipped Makhleb.
Makhleb was extremely pleased with you.
You visited 1 branch You collected 690 gold pieces.

Inventory:

Hand Weapons
 i - a +2 morningstar of protection
 j - a +2 rapier of distortion (weapon)
Missiles
 f - a throwing net
 p - 15 poisoned darts
Armour
 a - a +0 robe
 k - a +0 pair of gloves (worn)
 l - a +0 cloak (worn)
 m - a +1 scale mail (worn)
 v - a +0 helmet (worn)
Jewellery
 n - a +2 ring of protection (left hand)
 o - a +3 ring of dexterity (right hand)
Wands
 h - a wand of iceblast (1)
Scrolls
 r - 2 scrolls of identify
 s - 2 scrolls of fog
 t - 2 scrolls of enchant weapon
 u - a scroll of immolation
Potions
 b - 6 potions of curing
 c - a potion of resistance
 d - a potion of haste
 e - a potion of berserk rage
 g - a potion of invisibility
 q - a potion of mutation


   Skills:
 + Level 5.0 Fighting
 + Level 1.0 Short Blades
 + Level 2.4 Maces & Flails
 + Level 7.7 Armour
 + Level 9.4 Dodging
 - Level 5.4 Stealth
 + Level 15.9 Spellcasting
 * Level 12.3 Invocations
 - Level 4.0 Evocations


You had 16 spell levels left.
You knew the following spells:

 Your Spells              Type           Power      Damage    Failure   Level
a - Shock                 Conj/Air       100%       1d9       1%          1
b - Static Discharge      Conj/Air       71%        N/A       1%          2
c - Swiftness             Air            71%        N/A       1%          3
d - Airstrike             Air            35%        N/A       1%          4
e - Summon Small Mammal   Summ           100%       N/A       1%          1
f - Blink                 Tloc           100%       N/A       1%          2
g - Conjure Flame         Conj/Fire      71%        6-21      1%          3
h - Petrify               Tmut/Erth      71%        N/A       1%          4
i - Manifold Assault      Tloc           71%        N/A       1%          5
Your spell library was empty.

Dungeon Overview and Level Annotations

Branches:
Dungeon (1/1)

Altars:
Cheibriados
Dithmenos
Elyvilon
Fedhas
Gozag
Hepliaklqana
Kikubaaqudgha
Makhleb
Nemelex Xobeh
Okawaru
Qazlal
Ru
Sif Muna
Trog
Uskayaw
Vehumet
Wu Jian
Xom
Yredelemnul
Zin
The Shining One
Beogh
Jiyva
Lugonu


Innate Abilities, Weirdness & Mutations

You are immune to sickness and miasma.
You are immune to poison.
Your flesh is very heat resistant. (rF++)
You are vulnerable to cold. (rC-)
You float through the air rather than walking.
You learn spells naturally, not from books.
Your magical power is your life essence.
You have superior vitality. (+4 HP)


Message History

Space momentarily warps into an impossible shape!
You hit the orc knight.
Space warps around the orc knight!
Casting: Manifold Assault (dangerous; 1% risk of failure)
Confirm with . or Enter, or press ? or * to list all spells.
Space momentarily warps into an impossible shape!
You hit the orc knight but do no damage.
The orc knight blinks!
The orc knight hits you with a +0 broad axe! x2
Casting: Manifold Assault (dangerous; 1% risk of failure)
Confirm with . or Enter, or press ? or * to list all spells.
Space momentarily warps into an impossible shape!
You hit the orc knight but do no damage.
The orc knight blinks!
The orc knight hits you with a +0 broad axe!
Casting: Manifold Assault (dangerous; 1% risk of failure)
Confirm with . or Enter, or press ? or * to list all spells.
You blink.
* * * LOW HITPOINT WARNING * * *
The orc knight hits you with a +0 broad axe.
* * * LOW HITPOINT WARNING * * *
Casting: Blink (safe; 1% risk of failure)
Confirm with . or Enter, or press ? or * to list all spells.
You blink.
* * * LOW HITPOINT WARNING * * *
A demon appears!
It doesn't seem very happy.
Okay, then.
Okay, then.
You feel better. The balrug hits you but does no damage.
You writhe in agony.
* * * LOW HITPOINT WARNING * * *
Casting: Blink (safe; 1% risk of failure)
Confirm with . or Enter, or press ? or * to list all spells.
You blink.
* * * LOW HITPOINT WARNING * * *
Casting: Blink (safe; 1% risk of failure)
Confirm with . or Enter, or press ? or * to list all spells.
You blink.
* * * LOW HITPOINT WARNING * * *
The balrug gestures at you. Makhleb smites you!
You die...

▓.▓§▓.▓.▓_▓
▓§▓2▓.▓.▓_▓
▓$▓.▓.▓.▓_▓
▓$▓o▓.▓.▓_▓
▓o▓§▓÷▓.▓_▓
▓o▓.▓'▓.▓_▓
▓o▓.▓.▓.▓_▓
▓o▓.▓.▓.▓_▓
▓@▓.▓.▓_▓
▓.▓.▓.▓_▓
▓.▓.▓.▓_▓
▓.▓.▓.▓_▓
▓.▓.▓.▓_▓
▓.▓.▓.▓_▓
▓.▓.▓.▓_▓
▓.▓'▓.▓'▓
▓.▓.▓.▓!▓


You could see a balrug (summoned) and an orc knight.

Vanquished Creatures
  An ugly thing (D)
  A deep elf pyromancer (D)
  An elephant (D)
  2 black mambas (D)
  A gargoyle (D)
  A torpor snail (D)
  2 cane toads (D)
  A troll (D)
  7 polar bears (D)
  2 blink frogs (D)
  A vampire (D)
  A basilisk (D)
  5 yaks (D)
  A vampire mosquito (D)
  A water moccasin (D)
  3 orc warriors (D)
  2 black bears (D)
  3 centaurs (D)
  A wolf (D)
  A bullfrog (D)
  A howler monkey (D)
  A jelly (D)
  An orc priest (D)
  An orc wizard (D)
  10 orcs (D)
  A giant cockroach (D)
  A goblin (D)
  A quokka (D)
  2 bats (D)
57 creatures vanquished.

Vanquished Creatures (collateral kills)
  Harold (D)
  An orc high priest (D)
  Joseph (D)
  An orc priest (D)
  An orc (D)
5 creatures vanquished.

Grand Total: 62 creatures vanquished

Notes
Turn   | Place    | Note
-------+----------+-------------------------------------------
     0 | D        | emperorscorpion the Djinni Air Elementalist began the quest
                  | for the Orb.
     0 | D        | Reached XP level 1. HP: 15/15 MP: 0/0
     6 | D        | Reached skill level 3 in Spellcasting
    80 | D        | Noticed a jelly
    82 | D        | Reached XP level 2. HP: 19/21 MP: 0/0
    86 | D        | Reached skill level 5 in Spellcasting
    86 | D        | Reached XP level 3. HP: 15/25 MP: 0/0
    86 | D        | Learned a level 1 spell: Summon Small Mammal
    92 | D        | Found a snail-covered altar of Cheibriados.
    92 | D        | Found a shadowy altar of Dithmenos.
    92 | D        | Found a white marble altar of Elyvilon.
    92 | D        | Found a blossoming altar of Fedhas.
    92 | D        | Found an opulent altar of Gozag.
    93 | D        | Found a hazy altar of Hepliaklqana.
    94 | D        | Found a viscous altar of Jiyva.
    96 | D        | Found a corrupted altar of Lugonu.
    97 | D        | Found a burning altar of Makhleb.
    98 | D        | Found a sparkling altar of Nemelex Xobeh.
    99 | D        | Found an iron altar of Okawaru.
   100 | D        | Found a stormy altar of Qazlal.
   101 | D        | Found a sacrificial altar of Ru.
   103 | D        | Found a bloodstained altar of Trog.
   104 | D        | Found a hide-covered altar of Uskayaw.
   107 | D        | Became a worshipper of Makhleb the Destroyer
   109 | D        | Found an ornate altar of the Wu Jian Council.
   110 | D        | Found a shimmering altar of Xom.
   111 | D        | Found a basalt altar of Yredelemnul.
   112 | D        | Found a glowing silver altar of Zin.
   113 | D        | Found a glowing golden altar of the Shining One.
   207 | D        | Noticed a centaur
   207 | D        | Noticed a vampire
   207 | D        | Noticed an orc warrior
   207 | D        | Noticed a troll
   207 | D        | Noticed an orc warrior
   213 | D        | Killed a centaur
   214 | D        | Reached skill level 6 in Spellcasting
   214 | D        | Reached XP level 4. HP: 6/31 MP: 0/0
   214 | D        | Reached XP level 5. HP: 7/35 MP: 0/0
   214 | D        | Learned a level 2 spell: Blink
   221 | D        | Killed an orc warrior
   221 | D        | Reached * piety under Makhleb
   221 | D        | HP: 1/36 [something (10)]
   222 | D        | Reached skill level 7 in Spellcasting
   222 | D        | Reached XP level 6. HP: 1/41 MP: 0/0
   232 | D        | Killed a vampire
   233 | D        | Reached skill level 1 in Fighting
   233 | D        | Reached skill level 5 in Dodging
   233 | D        | Reached skill level 8 in Spellcasting
   233 | D        | Reached XP level 7. HP: 3/47 MP: 0/0
   233 | D        | Learned a level 3 spell: Conjure Flame
   235 | D        | Killed a troll
   236 | D        | Reached skill level 5 in Armour
   236 | D        | Reached skill level 9 in Spellcasting
   236 | D        | Reached skill level 5 in Invocations
   238 | D        | Reached ** piety under Makhleb
   239 | D        | Reached skill level 1 in Evocations
   239 | D        | Reached XP level 8. HP: 2/52 MP: 0/0
   584 | D        | Noticed a cyan ugly thing
   584 | D        | Noticed a gargoyle
   584 | D        | Noticed a deep elf pyromancer
   594 | D        | Noticed a fire elemental
   594 | D        | Noticed a fire elemental
   603 | D        | Killed a cyan ugly thing
   604 | D        | Reached skill level 10 in Spellcasting
   604 | D        | Killed a deep elf pyromancer
   605 | D        | Reached skill level 1 in Maces & Flails
   605 | D        | Reached skill level 5 in Stealth
   605 | D        | Reached skill level 11 in Spellcasting
   605 | D        | Reached XP level 9. HP: 36/59 MP: 0/0
   605 | D        | Learned a level 4 spell: Petrify
   608 | D        | Reached *** piety under Makhleb
   616 | D        | Killed a gargoyle
   995 | D        | Noticed a black mamba
   995 | D        | Noticed a cane toad
   998 | D        | Noticed a cane toad
  1277 | D        | Reached skill level 12 in Spellcasting
  1278 | D        | Killed a black mamba
  1278 | D        | Reached **** piety under Makhleb
  1280 | D        | Reached XP level 10. HP: 38/67 MP: 0/0
  1424 | D        | Killed a cane toad
  1466 | D        | Killed a cane toad
  1466 | D        | Reached ***** piety under Makhleb
  1467 | D        | Reached skill level 13 in Spellcasting
  1545 | D        | Noticed a black mamba
  1545 | D        | Noticed an elephant
  1562 | D        | Reached skill level 10 in Invocations
  1569 | D        | Killed an elephant
  1570 | D        | Reached skill level 14 in Spellcasting
  1572 | D        | Killed a black mamba
  1655 | D        | Noticed a torpor snail
  1667 | D        | Killed a torpor snail
  1668 | D        | Reached XP level 11. HP: 32/74 MP: 0/0
  1668 | D        | Learned a level 5 spell: Manifold Assault
  1882 | D        | Reached ****** piety under Makhleb
  1892 | D        | Reached skill level 15 in Spellcasting
  2114 | D        | Noticed Harold
  2116 | D        | Noticed a blizzard demon
  2125 | D        | Killed Harold
  2164 | D        | Noticed Joseph
  2173 | D        | Killed Joseph
  2201 | D        | Noticed an orc knight
  2201 | D        | Noticed an orc high priest
  2208 | D        | Banished an orc knight
  2214 | D        | Killed an orc high priest
  2689 | D        | Noticed an orc sorcerer
  2689 | D        | Noticed an orc knight
  2691 | D        | Banished an orc sorcerer
  2692 | D        | Reached skill level 5 in Fighting
  2692 | D        | Reached skill level 1 in Short Blades
  2909 | D        | Noticed a balrug
  2912 | D        | Killed from afar by a balrug

Illustrated notes

Levels and vault maps discovered:
D:        linesprint [early_d, line_temple, items_1, d_10, items_2, lair_1,
          lair_end, items_3, orc_1, orc_end, items_4, d_15, swamp_1, shoals_1,
          snake_1, spider_1, d_20, vaults_1, items_5, swamp_end, shoals_end,
          snake_end, spider_end, vaults_end, d_27, items_6, zot_1, zot_end,
          crypt_end, forest_end, elf_end, slime_end, tomb_end, abyss_end,
          pan_hell_end]

Skill      XL: |  1  2  3  4  5  6  7  8  9 10 11 |
---------------+----------------------------------+-----
Spellcasting   | 3 5 6 7 8 9 11 12 14 15 | 15.9
Stealth        | 2 3 4 5 |  5.4
Dodging        | 3 4 5 6 7 8 9 |  9.4
Armour         | 2 3 4 5 6 7 |  7.7
Invocations    | 2 3 4 5 7 9 10 12 | 12.3
Fighting       | 1 2 3 4 5 |  5.0
Evocations     | 1 2 3 4 |  4.0
Maces & Flails | 1 2 |  2.4
Short Blades   | 1 |  1.0

Action                   |  1- 3 |  4- 6 |  7- 9 | 10-12 || total
-------------------------+-------+-------+-------+-------++-------
Melee: Morningstar       |       |       |     1 |       ||     1
       Rapier            |       |       |       |    32 ||    32
 Cast: Shock             |    13 |     5 |    22 |    81 ||   121
       Blink             |       |     1 |     7 |    12 ||    20
       Static Discharge  |       |     1 |     3 |    11 ||    15
       Airstrike         |       |       |     3 |       ||     3
       Conjure Flame     |       |       |     1 |     7 ||     8
       Petrify           |       |       |     1 |       ||     1
       Manifold Assault  |       |       |       |    15 ||    15
Invok: Lesser Servant of |       |       |     2 |       ||     2
       Greater Servant o |       |       |       |     3 ||     3
Evoke: Wand              |       |     2 |     7 |       ||     9
  Use: Potion            |       |     1 |     2 |     3 ||     6
       Scroll            |       |     1 |       |     1 ||     2
Armor: Robe              |     1 |       |       |       ||     1
       Scale mail        |       |       |    13 |    17 ||    30
Dodge: Dodged            |     2 |     3 |     7 |    25 ||    37

Table legend: (Time is in decaauts)
 A = Elapsed time spent in this place.
 B = Non-inter-level travel time spent in this place.
 C = Inter-level travel time spent in this place.
 D = Time resting spent in this place.
 E = Time spent auto-exploring this place.
 F = Levels seen in this place.
 G = Mean time per level.
                   A        B        C        D        E       F      G
               +--------+--------+--------+--------+--------+-----+--------+
         Total |   2922 |   2898 |     24 |   1410 |    368 |   1 | 2922.0 |
       Dungeon |   2922 |   2898 |     24 |   1410 |    368 |   1 | 2922.0 |
               +--------+--------+--------+--------+--------+-----+--------+

Top non-repeatable levels by time:
       D: 2922 daAuts
